 Dungeon Crawl Stone Soup version 0.30.0-5-g1a98f26d00 (webtiles) character file.

Game seed: 8285236363175482173

291 Pimp the Covered (level 6, -4/38 HPs)
             Began as a Tengu Fighter on May 10, 2023.
             Slain by Menkaure (18 damage)
             ... on level 4 of the Dungeon.
             The game lasted 00:03:50 (2098 turns).

Pimp the Covered (Tengu Fighter)                    Turns: 2098, Time: 00:03:51

Health: -4/38      AC: 10    Str: 16    XL:     6   Next: 32%
Magic:  7/7        EV: 10    Int:  9    God:
Gold:   78         SH:  5    Dex: 15    Spells: 5/5 levels left

rFire   . . .        a - +0 long sword
rCold   . . .        c - +0 buckler
rNeg    . . .        b - +0 scale mail
rPois   .            (helmet restricted)
rElec   .            k - +2 cloak
rCorr   .            (no gloves)
SInv    .            (boots unavailable)
Will    .....        (no amulet) Stlth
                     (no ring)
HPRegen 0.26/turn    (no ring)
MPRegen 0.10/turn

%: no passive effects
@: flying quickly and evasively, quick
A: beak, talons 3, nimble flight
a: no special abilities


You were on level 4 of the Dungeon.
You visited 1 branch of the dungeon, and saw 4 of its levels.

You collected 78 gold pieces.

Inventory:

Hand Weapons
 a - a +0 long sword (weapon)
Missiles
 h - a throwing net (quivered)
Armour
 b - a +0 scale mail (worn)
 c - a +0 buckler (worn)
 e - a scarf of resistance
 k - a +2 cloak (worn)
Jewellery
 r - a ring of ice
Wands
 p - a wand of polymorph (8)
Scrolls
 f - 2 scrolls of identify
Potions
 d - a potion of might
 g - a potion of ambrosia {unknown}
 l - a potion of curing {unknown}
 m - a potion of heal wounds
 o - a potion of flight {unknown}


   Skills:
 + Level 4.2 Fighting
 + Level 4.0 Long Blades
 + Level 4.7 Armour
 + Level 0.3 Dodging
 + Level 4.2 Shields


You had 5 spell levels left.
You didn't know any spells.
Your spell library contained the following spells:

 Spells                   Type           Power      Damage    Failure   Level
 Tukima's Dance           Hex            0%         N/A       99%         3
 Passage of Golubria      Tloc           0%         N/A       100%        4
 Yara's Violent Unravell  Hex/Tmut       0%         3d3       100%        5


Dungeon Overview and Level Annotations

Branches:
Dungeon (4/15)
 Temple: D:4-7

Altars:

Shops:
D:3 *

Annotations:
D:4 Menkaure


Innate Abilities, Weirdness & Mutations

You have a beak for a mouth.
You have claws for feet.
Your magical nature lets you fly swiftly and evasively.


Message History

Menkaure shouts!
You hit the hound. Your kick misses the hound.
The hound is severely wounded.
The hound closely misses you. x2
You barely miss the hound. Your kick misses the hound.
The hound is severely wounded.
The hound bites you but does no damage. The hound bites you.
You completely miss the hound. Your kick misses the hound.
The hound is severely wounded.
The hound closely misses you.
A ball python comes into view.
The hound bites you.
The ball python moves out of view.
You hit the hound.
The hound is almost dead.
The hound closely misses you. x2
You hit the hound but do no damage.
The hound is almost dead.
The hound barely misses you. The hound bites you.
You miss the hound.
The hound is almost dead.
The hound bites you. x2
You closely miss the hound. Your kick misses the hound.
The hound is almost dead.
You block the hound's attack. The hound bites you but does no damage.
You hit the hound.
You kill the hound!
The orc hits you but does no damage.
Your Long Blades skill increases to level 4!
You slash the orc!
You kill the orc!
You barely miss Menkaure.
Menkaure calls on the powers of darkness!
Your body is wracked with pain!
You hit Menkaure. You claw Menkaure. You peck Menkaure.
Menkaure is moderately damaged.
Menkaure closely misses you.
You slash Menkaure! You claw Menkaure. You peck Menkaure, but do no damage.
Menkaure is almost destroyed.
Menkaure hits you!!
You die...

#. #.## #.## #.#
#... #.### #...
#...########
#..##..##.#.........
#...........####.##
....###.#.#### #
#.#... #@##### #M#
#.# #.# #(# #.# #..
###


You could see Menkaure.

Vanquished Creatures
  3 wights (D:3)
  A hound (D:4)
  Terence (D:2)
  3 gnolls (D:3)
  2 adders (D:3)
  2 orcs
  4 endoplasms
  A giant cockroach (D:3)
  2 goblins (D:1)
  2 hobgoblins (D:3)
  A quokka (D:1)
  4 ball pythons
  3 bats
  2 frilled lizards (D:2)
  3 kobolds
  2 kobold zombies (D:4)
  2 orc zombies (D:4)
  3 rats
41 creatures vanquished.

Notes
Turn   | Place    | Note
-------+----------+-------------------------------------------
     0 | D:1      | Pimp the Tengu Fighter began the quest for the Orb.
     0 | D:1      | Reached XP level 1. HP: 14/14 MP: 2/2
   395 | D:1      | Reached XP level 2. HP: 17/19 MP: 3/3
   698 | D:2      | Noticed Terence
   728 | D:2      | Killed Terence
   729 | D:2      | Reached XP level 3. HP: 13/23 MP: 4/4
  1030 | D:3      | Found Qotecs's General Store.
  1244 | D:3      | Reached XP level 4. HP: 28/28 MP: 5/5
  1393 | D:3      | Gained mutation: Your magical nature lets you fly swiftly
                  | and evasively. [Tengu growth]
  1393 | D:3      | Reached XP level 5. HP: 6/33 MP: 6/6
  1726 | D:3      | Reached XP level 6. HP: 19/38 MP: 7/7
  2086 | D:4      | Noticed Menkaure
  2098 | D:4      | Slain by Menkaure

Illustrated notes

Levels and vault maps discovered:
D:1:      dpeg_arrival_fog, layout_basic
D:2:      layout_basic, minmay_distorted, uniq_terence, uniq_natasha
D:3:      layout_basic, serial_shops, nicolae_diamond_shop, due_unseen_surprise
D:4:      layout_loops_ring, minmay_mini_ossuary, uniq_menkaure, uniq_grinder

Skill      XL: |  1  2  3  4  5  6 |
---------------+-------------------+-----
Long Blades    | 3 4 |  4.0
Armour         | 4 |  4.7
Fighting       | 4 |  4.2
Shields        | 4 |  4.2
Dodging        | |  0.3

Action                     |  1- 3 |  4- 6 || total
---------------------------+-------+-------++-------
  Melee: Long sword        |    68 |    62 ||   130
         Kick              |    14 |    15 ||    29
         Peck              |     4 |     9 ||    13
    Use: Scroll            |       |     6 ||     6
 Armour: Scale mail        |    42 |    15 ||    57
  Dodge: Dodged            |    31 |    27 ||    58
  Block: Buckler           |    14 |     7 ||    21
